 Dungeon Crawl Stone Soup version 0.20-a0-433-g9e36e56 (webtiles) character file.

84 Iskender the Magician (level 4, 0/30 HPs)
             Began as a Mummy Wizard on Jan 4, 2017.
             Slain by a hobgoblin
             ... wielding a +0 club
             ... led by Robin
              (6 damage)
             ... on level 2 of the Dungeon.
             The game lasted 00:17:00 (2228 turns).

Iskender the Magician (Mummy Wizard)                Turns: 2228, Time: 00:17:01

Health: 0/30       AC:  2    Str: 10    XL:     4   Next: 23%
Magic:  0/10       EV: 12    Int: 17    God:
Gold:   83         SH:  0    Dex: 11    Spells: 2/12 levels left

rFire  x . .     SeeInvis .     o - -3 whip (curse)
rCold  + . .     Gourm    .     d - +0 robe
rNeg   + + +     Faith    .     (no shield)
rPois  ∞         Spirit   .     b - +0 hat
rElec  .         Reflect  .     (no cloak)
rCorr  .         Harm     .     (no gloves)
MR     .....                    (no boots)
Stlth  ++........               (no amulet)
                                (no ring)
                                r - ring of wizardry

@: repel missiles
A: no food or potions, fire vulnerability, cold resistance 1, negative energy
resistance 3, torment resistance, unbreathing
a: no special abilities


You were on level 2 of the Dungeon.
You were not hungry.

You visited 1 branch of the dungeon, and saw 3 of its levels.

You collected 83 gold pieces.

Inventory:

Hand Weapons
 a - a +0 dagger
 g - a +0 short sword
 l - a +0 spear
 n - a +0 spear
 o - a cursed -3 whip (weapon)
 p - a +0 hunting sling
 s - a +0 short sword
 t - a +0 hand axe
 u - a +0 flail
Missiles
 k - 59 stones (quivered)
 m - 49 sling bullets
 q - 15 poisoned needles
Armour
 b - a +0 hat (worn)
 d - a +0 robe (worn)
Jewellery
 r - a ring of wizardry (left hand)
Scrolls
 e - a scroll of amnesia {unknown}
 f - a scroll of fear {unknown}
 h - a scroll of immolation {unknown}
 i - 2 scrolls of recharging
 j - a scroll of noise {unknown}
 v - a scroll of fog {unknown}
 w - a scroll of magic mapping {unknown}
Books
 c - a book of Minor Magic

   Spells                             Type                      Level
   a - Magic Dart                     Conjuration                  1
   b - Blink                          Translocation                2
   c - Call Imp                       Summoning                    2
   d - Repel Missiles                 Charms/Air                   2
   e - Slow                           Hexes                        2
   f - Conjure Flame                  Conjuration/Fire             3
   g - Mephitic Cloud                 Conjuration/Poison/Air       3


   Skills:
 - Level 1.5 Dodging
 - Level 1.5 Stealth
 - Level 4.5 Spellcasting
 + Level 3.0 Conjurations
 - Level 0.7 Summonings
 - Level 0.7 Translocations


You had 2 spell levels left.
You knew the following spells:

 Your Spells              Type           Power        Failure   Level  Hunger
a - Magic Dart            Conj           ##..         1%          1    N/A
b - Call Imp              Summ           #.......     9%          2    N/A
d - Conjure Flame         Conj/Fire      #.......     10%         3    N/A
r - Repel Missiles        Chrm/Air       #.....       10%         2    N/A
v - Blink                 Tloc           N/A          9%          2    N/A

Dungeon Overview and Level Annotations

Branches:
Dungeon (3/15)

Altars:
Hepliaklqana
Yredelemnul
The Shining One

Annotations:
D:3 Robin


Innate Abilities, Weirdness & Mutations

You do not eat or drink.
Your flesh is vulnerable to fire.
You are immune to poison.
Your flesh is cold resistant. (rC+)
You are immune to negative energy. (rN+++)
You are immune to unholy pain and torment.
You can survive without breathing.


Message History

The hobgoblin hits you with a club.
* * * LOW HITPOINT WARNING * * *
Casting: Magic Dart
Confirm with . or Enter, or press ? or * to list all spells.
Aiming: Magic Dart
Press: ? - help, Shift-Dir - straight line, f/p - hobgoblin
Aim: a hobgoblin, wielding a club (almost dead)
The magic dart hits the hobgoblin.
The hobgoblin is almost dead.
The hobgoblin hits you with a club.
* * * LOW HITPOINT WARNING * * *
Casting: Magic Dart
Confirm with . or Enter, or press ? or * to list all spells.
Aiming: Magic Dart
Press: ? - help, Shift-Dir - straight line, f/p - hobgoblin
Aim: a hobgoblin, wielding a club (almost dead)
The magic dart hits the hobgoblin.
The hobgoblin is almost dead.
The hobgoblin hits you with a club.
You die...

########## ########
#......@.# .......#
#.######g# #.#.##.#
#.# #.#
.###.#.###.######.#
## ##..........##.#
.###.#.###.###.##.#
..#..#.# #.# #.##.#
....##.# #.###.##.#
.#.....#
#.......(###


You could see a hobgoblin.

Vanquished Creatures
  An adder (D:2)
  A worm (D:2)
  2 dart slugs
  3 leopard geckos
  4 bats
  3 giant cockroaches
  13 goblins
  11 hobgoblins
  4 jackals
  A ball python (D:2)
  3 frilled lizards
  6 kobolds
52 creatures vanquished.

Vanquished Creatures (collateral kills)
  An ooze (D:1)
  A goblin (D:1)
  A rat (D:2)
3 creatures vanquished.

Grand Total: 55 creatures vanquished

Notes
Turn   | Place    | Note
-------+----------+-------------------------------------------
     0 | D:1      | Iskender the Mummy Wizard began the quest for the Orb.
     0 | D:1      | Reached XP level 1. HP: 13/13 MP: 5/5
    78 | D:1      | Reached skill level 1 in Conjurations
   266 | D:1      | Reached XP level 2. HP: 12/19 MP: 4/7
   270 | D:1      | Learned a level 2 spell: Blink
   273 | D:1      | Learned a level 2 spell: Call Imp
   276 | D:1      | Learned a level 2 spell: Repel Missiles
   626 | D:1      | Reached XP level 3. HP: 24/24 MP: 6/8
   861 | D:1      | Learned a level 3 spell: Conjure Flame
  1853 | D:2      | Reached XP level 4. HP: 28/30 MP: 3/10
  1859 | D:2      | Found a glowing golden altar of the Shining One.
  1864 | D:2      | Found a basalt altar of Yredelemnul.
  1867 | D:2      | Found a hazy altar of Hepliaklqana.
  1968 | D:3      | Noticed Robin
  2228 | D:2      | Slain by a hobgoblin

Vault maps used:
D:1:      minmay_arrival_checkered_box, serial_bayou_pond_a
D:2:      minmay_overflow_temple_star_quad, roderic_roman_lattice,
          minmay_bisected
D:3:      grunt_temple_overflow_magic_moments, grunt_temple_overflow_diamond,
          grunt_decor_mini_mirrors, uniq_robin

Skill      XL: |  1  2  3 |
---------------+----------+-----
Conjurations   | 1 2 3 |  3.0
Dodging        | |  1.5
Stealth        | |  1.5
Spellcasting   | |  4.5
Summonings     | |  0.7
Translocations | |  0.7

Action                   |  1- 3 |  4- 6 || total
-------------------------+-------+-------++-------
Melee: Dagger            |    32 |       ||    32
       Unarmed           |     3 |       ||     3
       Whip              |     9 |    29 ||    38
Throw: Stone             |       |    10 ||    10
 Cast: Magic Dart        |    89 |    36 ||   125
       Call Imp          |     3 |       ||     3
       Repel Missiles    |     3 |       ||     3
       Conjure Flame     |       |     2 ||     2
  Use: Scroll            |     1 |       ||     1
 Stab: Sleeping          |     5 |       ||     5
Armor: Robe              |     9 |     3 ||    12
Dodge: Dodged            |    64 |    41 ||   105
       Deflected         |     2 |       ||     2
